 Dungeon Crawl Stone Soup version 0.31.0-11-ge490571c62 (webtiles) character file.

Game seed: 10578749697756558947

177 Marvel the Sneak (level 5, -1/24 HPs)
             Began as a Spriggan Enchanter on Feb 8, 2024.
             Was a Follower of Dithmenos.
             Slain by an iguana (14 damage)
             ... on level 3 of the Dungeon.
             The game lasted 00:05:17 (2082 turns).

Marvel the Sneak (Spriggan Enchanter)               Turns: 2082, Time: 00:05:18

Health: -1/24      AC:  2    Str:  4    XL:     5   Next: 31%
Magic:  6/11       EV: 18    Int: 16    God:    Dithmenos [*.....]
Gold:   133        SH:  0    Dex: 18    Spells: 8/11 levels left

rFire   . . .        g - +2 dagger (flame)
rCold   . . .        (no shield)
rNeg    . . .        b - +0 robe
rPois   .            (helmet restricted)
rElec   .            (no cloak)
rCorr   .            (gloves unavailable)
SInv    +            (boots unavailable)
Will    .....        f - amulet of the acrobat
Stlth   ++++         (no ring)
HPRegen 0.24/turn    (no ring)
MPRegen 0.12/turn

%: acrobat
@: wreathed by umbra, very quick
A: very small, no large weapons, unfitting armour, see invisible, speed 3
a: Renounce Religion


You were on level 3 of the Dungeon.
You worshipped Dithmenos.
Dithmenos was aware of your devotion.
You visited 1 branch of the dungeon, and saw 3 of its levels.

You collected 133 gold pieces.

Inventory:

Hand Weapons
 a - a +1 dagger
 g - a +2 dagger of flaming (weapon)
Missiles
 i - 10 poisoned darts (quivered)
Armour
 b - a +0 robe (worn)
Jewellery
 f - an amulet of the acrobat (around neck)
Scrolls
 d - a scroll of vulnerability {unknown}
 e - 2 scrolls of identify {unknown}
 j - a scroll of teleportation {unknown}
 k - a scroll of summoning {unknown}
 n - a scroll of enchant weapon {unknown}
 p - a scroll of immolation {unknown}
Potions
 c - 2 potions of invisibility
 h - a potion of heal wounds {unknown}
 l - a potion of curing {unknown}
 m - 2 potions of ambrosia {unknown}
 o - a potion of brilliance {unknown}
 q - a potion of degeneration {unknown}
 r - a potion of resistance {unknown}


   Skills:
 + Level 0.1 Fighting
 + Level 2.2 Short Blades
 + Level 3.3 Dodging
 + Level 6.9 Stealth
 + Level 3.5 Spellcasting
 + Level 4.7 Hexes


You had 8 spell levels left.
You knew the following spells:

 Your Spells              Type           Power      Damage    Failure   Level
a - Confusing Touch       Hex            17%        N/A       8%          3

Your spell library contained the following spells:

 Spells                   Type           Power      Damage    Failure   Level
 Tukima's Dance           Hex            17%        N/A       8%          3
 Ensorcelled Hibernation  Hex/Ice        20%        N/A       11%         2
 Freeze                   Ice            8%         1d3       19%         1
 Dazzling Flash           Conj/Hex       20%        N/A       21%         3
 Frozen Ramparts          Ice            4%         1d1       47%         3
 Hailstorm                Conj/Ice       2%         3d5       47%         3


Dungeon Overview and Level Annotations

Branches:
Dungeon (3/15)

Altars:
Dithmenos


Innate Abilities, Weirdness & Mutations

You are very small and have problems with some larger weapons.
You are too small for most types of armour.
You have supernaturally acute eyesight. (SInv)
You cover ground extremely quickly. (Speed+++)


Message History

The orc wizard is poisoned.
You hit the orc wizard. You burn the orc wizard.
The orc wizard is moderately wounded.
You hit the orc wizard but do no damage.
The orc wizard is moderately wounded.
You hit the orc wizard but do no damage.
The orc wizard is moderately wounded.
The orc wizard hits the orc with a +2 dagger of venom.
The orc is poisoned.
You hit the orc wizard. You burn the orc wizard.
The orc wizard is severely wounded.
The orc wizard misses the orc.
You catch the helpless orc wizard completely off-guard!
You impale the orc wizard!! You burn the orc wizard.
You kill the orc wizard!
Dithmenos accepts your kill.
The iguana hisses angrily.
You hit the orc but do no damage.
The orc is almost dead.
The orc dies!
Casting: Confusing Touch (quite dangerous; 8% risk of failure)
Confirm with . or Enter, or press ? or * to list all spells.
Your hands begin to glow red.
The iguana closely misses you.
You hit the iguana but do no damage.
The iguana appears confused.
The hobgoblin misses you.
You hit the iguana. You burn the iguana.
The iguana is lightly wounded.
The iguana barely misses you.
You hit the iguana. You burn the iguana.
The iguana is heavily wounded.
The hobgoblin closely misses you.
The iguana barely misses itself.
You hit the iguana but do no damage.
The iguana is heavily wounded.
The hobgoblin closely misses you. The iguana closely misses you.
You hit the iguana. You burn the iguana.
The iguana is heavily wounded.
The hobgoblin hits you. The iguana bites you!
Ouch! That really hurt!
You die...

.#†#####......†...... #.
##...# #.##...#.#.### #.
#....# #....(.....# #.
#....###..#.#.#.### #.
......##.#..#.#.# #.
........###.....# #.
......##.#..#.### #.
#...####...)#)#########.#
#.
#..............l@g)...>.#
#.
#.####.#...############.#
##. #.####.##.## #..
#.........# #..
######.#### #.. #.# #..
#.# #.. ##.## #.. ##...##
#######.


You could see an iguana (confused) and a hobgoblin.

Vanquished Creatures
  Terence (D:3)
  An orc wizard (D:3)
  5 gnolls
  An adder (D:3)
  A ribbon worm (D:2)
  4 dart slugs
  3 orcs (D:3)
  5 ball pythons
  3 endoplasms
  A giant cockroach (D:1)
  3 goblins (D:1)
  A hobgoblin (D:3)
  10 jackals
  3 kobolds (D:2)
  2 quokkas
  6 bats
  6 frilled lizards
  3 rats (D:2)
59 creatures vanquished.

Vanquished Creatures (others)
  An orc (D:3)
1 creature vanquished.

Grand Total: 60 creatures vanquished

Notes
Turn   | Place    | Note
-------+----------+-------------------------------------------
     0 | D:1      | Marvel the Spriggan Enchanter began the quest for the Orb.
     0 | D:1      | Reached XP level 1. HP: 9/9 MP: 5/5
   274 | D:1      | Reached XP level 2. HP: 13/13 MP: 7/7
   330 | D:1      | Reached skill level 5 in Stealth
   430 | D:1      | Reached XP level 3. HP: 16/16 MP: 8/8
   623 | D:2      | Learned a level 3 spell: Confusing Touch
  1300 | D:2      | Found a faded altar of an unknown god.
  1314 | D:2      | Prayed at the altar of an unknown god.
  1314 | D:2      | Became a worshipper of Dithmenos the Shadowed
  1314 | D:2      | Reached * piety under Dithmenos
  1344 | D:2      | Reached XP level 4. HP: 21/21 MP: 9/9
  1608 | D:3      | Reached skill level 6 in Stealth
  1779 | D:3      | Noticed Terence
  1789 | D:3      | Killed Terence
  1921 | D:3      | Reached XP level 5. HP: 24/24 MP: 9/11
  2082 | D:3      | Slain by an iguana

Illustrated notes

Levels and vault maps discovered:
D:1:      nzn_arrival_crosshair, layout_basic
D:2:      layout_loops_cross, ebering_ecumenical_altar_petrified,
          nrook_campfire, minmay_misc_feat_chi
D:3:      layout_loops_ring, serial_bayou_pond_c, minmay_divided_ellipse,
          uniq_terence

Skill      XL: |  1  2  3  4 |
---------------+-------------+-----
Spellcasting   | 3 |  3.5
Hexes          | 4 |  4.7
Stealth        | 5 6 |  6.9
Dodging        | 3 |  3.3
Short Blades   | 2 |  2.2
Fighting       | |  0.1

Action                     |  1- 3 |  4- 6 || total
---------------------------+-------+-------++-------
  Melee: Dagger            |   114 |    53 ||   167
         Punch             |     1 |       ||     1
   Cast: Confusing Touch   |     2 |     7 ||     9
   Stab: Sleeping          |    16 |     2 ||    18
         Confused          |     1 |     5 ||     6
 Armour: Robe              |    28 |     9 ||    37
  Dodge: Dodged            |   105 |    27 ||   132
